 Dungeon Crawl Stone Soup version 0.29.1-13-g9f3cf754e1 (webtiles) character file.

Game seed: 4351360747957285836

156 Hrothgar the Shooter (level 5, -1/37 HPs)
             Began as a Draconian Hunter on Feb 9, 2023.
             Was a Believer of Hepliaklqana.
             Slain by a gnoll
             ... wielding a +0 whip
             ... led by a gnoll bouda
              (2 damage)
             ... on level 3 of the Dungeon.
             The game lasted 00:10:51 (1891 turns).

Hrothgar the Shooter (Draconian Hunter)             Turns: 1891, Time: 00:10:51

Health: -1/37      AC:  5    Str: 14    XL:     5   Next: 14%
Magic:  6/6        EV: 12    Int: 15    God:    Hepliaklqana [**....]
Gold:   126        SH:  0    Dex: 11    Spells: 2/6 levels left

rFire   . . .      SeeInvis +   a - +0 shortbow
rCold   . . .      Faith    .   (shield currently unavailable)
rNeg    . . .      Spirit   .   (body armour unavailable)
rPois   +          Reflect  .   (helmet restricted)
rElec   .          Harm     .   (no cloak)
rCorr   .          Rampage  .   (no gloves)
Will    .....                   (no boots)
Stlth   ++........              f - amulet "Uneesy" {RegenMP rPois Int+4 Dex-3 SInv}
HPRegen 0.12/turn               (no ring)
MPRegen 0.50/turn               (no ring)

@: hasted, very quick
A: reduced essence, AC +5, unfitting armour, cold-blooded
a: Renounce Religion, Recall Ancestor, Ancestor Identity


You were on level 3 of the Dungeon.
You worshipped Hepliaklqana.
Hepliaklqana was pleased with you.
You visited 1 branch of the dungeon, and saw 4 of its levels.

You collected 126 gold pieces.

Inventory:

Hand Weapons
 a - a +0 shortbow (weapon)
Missiles
 h - 2 throwing nets
Jewellery
 f - the amulet "Uneesy" (around neck) {RegenMP rPois Int+4 Dex-3 SInv}
   (You acquired it on level 1 of the Dungeon)

   [amulet of magic regeneration]

   It increases your rate of magic regeneration.
   Int:       It affects your intelligence (+4).
   Dex:       It affects your dexterity (-3).
   rPois:     It protects you from poison.
   SInv:      It lets you see invisible.
Wands
 j - a wand of roots (7)
 o - a wand of flame (28)
Scrolls
 b - 2 scrolls of immolation
 l - 2 scrolls of poison
Potions
 c - a potion of might {unknown}
 e - a potion of mutation {unknown}
 i - a potion of flight {unknown}
 k - a potion of magic
 n - a potion of lignification {unknown}


   Skills:
 * Level 2.5 Fighting
 * Level 4.8 Ranged Weapons
 * Level 0.7 Throwing
 * Level 2.1 Dodging
 * Level 1.3 Stealth
 * Level 1.0 Spellcasting
 * Level 0.2 Conjurations
 * Level 0.8 Earth Magic
 * Level 0.6 Invocations
 * Level 0.7 Evocations


You had 2 spell levels left.
You knew the following spells:

 Your Spells              Type           Power      Damage    Failure   Level
a - Sandblast             Erth           6%         2d5       17%         1
b - Stone Arrow           Conj/Erth      4%         3d7       52%         3

Your spell library contained the following spells:

 Spells                   Type           Power      Damage    Failure   Level
 Passwall                 Tmut/Erth      1%         N/A       30%         2
 Inner Flame              Hex/Fire       0%         N/A       58%         3
 Cause Fear               Hex            0%         N/A       94%         4
 Discord                  Hex            0%         N/A       100%        8


Dungeon Overview and Level Annotations

Branches:
Dungeon (4/15)
 Temple: D:4-7

Altars:
Hepliaklqana
Nemelex Xobeh


Innate Abilities, Weirdness & Mutations

Your life essence is reduced to manifest your ancestor. (-10% HP)
Your plain brown scales are hard. (AC +5)
You cannot fit into any form of body armour.
You are cold-blooded and may be slowed by cold attacks.


Message History

Edwyna drains the gnoll.
The gnoll hits Edwyna with a +0 club.
The gnoll bouda hits Edwyna with a +0 whip.
Edwyna is destroyed!
The gnoll bouda hits something with a +0 whip.
You feel a bit more experienced.
A gnoll comes into view. It is wielding a +0 spear.
Aiming: Fastroot
Press: ? - help, Shift-Dir - straight line, f/p - gnoll bouda
Aim: a gnoll bouda, wielding a +0 whip and wearing a +0 leather armour (moderately wounded, confused, fleeing)
The roots erupt in riotous growth!
Your attack snaps the gnoll bouda out of its fear.
Roots grab the gnoll bouda.
The grasping roots constrict the gnoll bouda.
The gnoll bouda struggles to escape constriction.
The roots lose their grip on something.
There is a stone staircase leading up here.
You feel better.
The gnoll bouda seems less confused.
The gnoll hits you with a +0 whip!
The gnoll bouda barks out a call to the hunt!
The gnolls pick up the pace!
The gnoll barely misses you.
You climb upwards.
Found 5 poisoned darts.
There is a stone staircase leading down here.
The gnoll attacks as you move away! The gnoll hits you with a +0 whip!
* * * LOW HITPOINT WARNING * * *
The rat attacks as you move away! The rat bites you but does no damage.
The rat twitches its whiskers.
You feel yourself speed up. The gnoll completely misses you.
You see here 5 poisoned darts.
The gnoll attacks as you move away! The gnoll hits you with a +0 whip.
* * * LOW HITPOINT WARNING * * *
The rat twitches its whiskers.
The gnoll attacks as you move away! The gnoll barely misses you.
The gnoll attacks as you move away! The gnoll closely misses you.
The gnoll attacks as you move away! The gnoll hits you but does no damage.
The gnoll attacks as you move away! The gnoll hits you with a +0 whip.
* * * LOW HITPOINT WARNING * * *
The gnoll attacks as you move away! The gnoll hits you with a +0 whip.
You die...

## ### .. ##.###########
#########. .............
#......... #.>........
########.........
#..#####.####.###................
#....)..........@g......r......(.
#..#####.####...#.######........#
#..# #.# #.....# #........# #..#
#.# #.....# #........# #..# #.#
#.....# #........# #..# #.#
#...... ....##.#### ...# #.#
#...#.# ####.##... #.## #.#
#...#.# #^..... ##.####


You could see a gnoll (swift).

Vanquished Creatures
  A jelly (D:4)
  Terence (D:3)
  Natasha (D:3)
  A gnoll (D:4)
  An adder (D:4)
  A dart slug (D:1)
  A hexer (D:4)
  2 orcs (D:4)
  3 ball pythons
  7 endoplasms
  2 giant cockroaches
  5 hobgoblins (D:1)
  4 kobolds
  2 bats
  3 frilled lizards
  3 goblins
  2 rats
  A spectral goblin (D:1)
41 creatures vanquished.

Vanquished Creatures (collateral kills)
  A gnoll (D:4)
  An orc (D:4)
  A ball python (D:4)
3 creatures vanquished.

Grand Total: 44 creatures vanquished

Notes
Turn   | Place    | Note
-------+----------+-------------------------------------------
     0 | D:1      | Hrothgar the Draconian Hunter began the quest for the Orb.
     0 | D:1      | Reached XP level 1. HP: 17/17 MP: 1/1
   150 | D:1      | Reached skill level 1 in Stealth
   190 | D:1      | Found a faded altar of an unknown god.
   198 | D:1      | Reached XP level 2. HP: 23/23 MP: 2/2
   209 | D:1      | Prayed at the altar of an unknown god.
   209 | D:1      | Became a worshipper of Hepliaklqana the Forgotten
   209 | D:1      | Reached * piety under Hepliaklqana
   256 | D:1      | Reached skill level 4 in Ranged Weapons
   913 | D:1      | Identified a scroll of acquirement
   913 | D:1      | Acquired the amulet "Uneesy" {RegenMP rPois Int+4 Dex-3
                  | SInv}
  1249 | D:2      | Reached XP level 3. HP: 25/27 MP: 3/3
  1504 | D:2      | Learned a level 1 spell: Sandblast
  1510 | D:3      | Noticed Natasha
  1515 | D:3      | Killed Natasha
  1567 | D:3      | Noticed Terence
  1572 | D:3      | Killed Terence
  1573 | D:3      | Reached XP level 4. HP: 33/33 MP: 3/5
  1581 | D:3      | Reached ** piety under Hepliaklqana
  1582 | D:3      | Remembered your ancestor Edwyna as a hexer
  1712 | D:4      | Learned a level 3 spell: Stone Arrow
  1840 | D:4      | Reached skill level 1 in Spellcasting
  1842 | D:4      | Found a sparkling altar of Nemelex Xobeh.
  1856 | D:4      | Reached XP level 5. HP: 17/37 MP: 6/6
  1877 | D:3      | HP: 1/37 [gnoll/+0 whip[a gnoll bouda] (4)]
  1890 | D:3      | HP: 1/37 [gnoll/+0 whip[a gnoll bouda] (1)]
  1891 | D:3      | Slain by a gnoll

Illustrated notes

Levels and vault maps discovered:
D:1:      sevenhm_arrival_forest_fort_small_6, layout_basic,
          dreamdust_ecumenical_altar_drowned_temple
D:2:      layout_loops_ring, hangedman_decor_riveting
D:3:      layout_basic, uniq_robin, uniq_natasha, uniq_terence,
          uniq_crazy_yiuf_cottage, uniq_ijyb
D:4:      layout_loops_ring, lemuel_tele_altar, minmay_strange_pillars

Skill      XL: |  1  2  3  4 |
---------------+-------------+-----
Stealth        | 1 |  1.3
Ranged Weapons | 4 |  4.8
Dodging        | 2 |  2.1
Spellcasting   | 1 |  1.0
Fighting       | |  2.5
Throwing       | |  0.7
Conjurations   | |  0.2
Earth Magic    | |  0.8
Invocations    | |  0.6
Evocations     | |  0.7

Action                   |  1- 3 |  4- 6 || total
-------------------------+-------+-------++-------
 Fire: Shortbow          |    89 |    17 ||   106
 Cast: Sandblast         |       |    11 ||    11
Invok: Ancestor Identity |     1 |       ||     1
       Ancestor Life: He |       |     1 ||     1
Evoke: Wand              |     1 |     2 ||     3
  Use: Scroll            |     7 |     1 ||     8
       Potion            |       |     4 ||     4
Armor: Skin              |    12 |     5 ||    17
Dodge: Dodged            |    33 |    16 ||    49
